[ PARTIDA AOE2 · #477358252 ]
UnrankedMagiares vs Magyars
[ ANÁLISIS DE REPETICIÓN · EXTRAÍDO DE LA PARTIDA GRABADA ]
Feudal
9:28
Castillos
22:52
Imperial
—
| APM promedio | 20.2 |
| APM pico | 74 |
| eAPM promedio | 10.2 |
| Aldeanos / militares | 44 / 22 |
Foco
⚔️ 21.4% · 🌾 78.6%
Knight ×11 · Scout Cavalry ×8 · Spearman ×3
Feudal
9:39
Castillos
24:07
Imperial
—
| APM promedio | 59.8 |
| APM pico | 111 |
| eAPM promedio | 25.6 |
| Aldeanos / militares | 97 / 73 |
Foco
⚔️ 26.4% · 🌾 73.6%
Knight ×60 · Spearman ×7 · Scout Cavalry ×4 · Mangonel ×2
Feudal
9:07
Castillos
26:04
Imperial
—
| APM promedio | 47.2 |
| APM pico | 98 |
| eAPM promedio | 22.5 |
| Aldeanos / militares | 83 / 131 |
Foco
⚔️ 48.0% · 🌾 52.0%
Cavalry Archer ×72 · Archer ×41 · Skirmisher ×18
Feudal
9:17
Castillos
22:58
Imperial
—
| APM promedio | 74.6 |
| APM pico | 126 |
| eAPM promedio | 32.8 |
| Aldeanos / militares | 107 / 140 |
Foco
⚔️ 48.5% · 🌾 51.5%
Cavalry Archer ×97 · Archer ×35 · Knight ×4 · Battering Ram ×4
Mapa de la partida
Recursos iniciales + cada clic de construcción. Líneas = muros · curvas = relieve. ◆ oro · ⬟ piedra · ● bayas · ✦ reliquia · ◌ hueco del cierre
Tu base· ✓ Cerrada en 22:52 · 47t muro · 1 puerta(s)
Base de MXTS | Prra· ✓ Cerrada en 24:07 · 60t muro · 2 puerta(s)
Base de Yanksan· ✓ Cerrada en 26:04 · 50t muro · 3 puerta(s)
Base de MXTS | FiredLand· ✓ Cerrada en 22:58 · 23t muro · 1 puerta(s)
Terreno inicial suavizado · ◌ = hueco del cierre detectado · pasá el cursor para detalles
Inputs por minuto
— Garibas - - MXTS | Prra
Build order — Garibas
131 acciones detectadas en el replay
| 0:00 | Crear | Villager (Male) |
| 0:00 | Crear | Villager (Male) |
| 0:01 | Crear | Villager (Male) |
| 0:02 | Construir | House |
| 0:03 | Construir | House |
| 0:06 | Crear | Villager (Male) |
| 1:39 | Crear | Villager (Male) |
| 2:04 | Crear | Villager (Male) |
| 2:13 | Construir | Lumber Camp |
| 2:22 | Crear | Villager (Male) |
| 2:44 | Crear | Villager (Male) |
| 3:52 | Crear | Villager (Male) |
| 4:23 | Crear | Villager (Male) |
| 4:23 | Crear | Villager (Male) |
| 4:37 | Construir | House |
| 4:39 | Investigar | Loom |
| 5:17 | Construir | Mill |
| 5:20 | Crear | Villager (Male) |
| 5:39 | Crear | Villager (Male) |
| 5:42 | Crear | Villager (Male) |
| 5:42 | Crear | Villager (Male) |
| 7:17 | Investigar | Feudal Age |
| 7:37 | Construir | Barracks |
| 8:26 | Construir | House |
| 8:28 | Construir | Palisade Wall |
| 9:28 | Edad | Edad Feudal |
| 9:33 | Construir | Stable |
| 9:43 | Crear | Villager (Male) |
| 10:03 | Construir | Stable |
| 10:15 | Crear | Scout Cavalry |
| 10:15 | Crear | Scout Cavalry |
| 10:19 | Crear | Villager (Male) |
| 10:24 | Investigar | Double-Bit Axe |
| 10:32 | Construir | Palisade Wall |
| 10:41 | Crear | Scout Cavalry |
| 10:44 | Crear | Scout Cavalry ×2 |
| 11:03 | Construir | Farm |
| 11:09 | Construir | Farm |
| 11:09 | Construir | Farm |
| 11:09 | Construir | Farm |
| 11:09 | Construir | Farm |
| 11:10 | Construir | Farm |
| 11:10 | Construir | Farm |
| 11:15 | Construir | House |
| 11:20 | Construir | Farm |
| 11:29 | Construir | House |
| 11:31 | Construir | Palisade Wall |
| 11:59 | Construir | House |
| 12:01 | Construir | Palisade Wall |
| 12:04 | Crear | Scout Cavalry |
| 12:16 | Crear | Spearman |
| 12:23 | Construir | Palisade Wall |
| 12:28 | Crear | Scout Cavalry |
| 12:32 | Construir | Farm |
| 13:04 | Crear | Scout Cavalry |
| 13:10 | Construir | Farm |
| 13:13 | Construir | Farm |
| 13:21 | Construir | Farm |
| 13:24 | Construir | Palisade Wall |
| 13:44 | Crear | Spearman |
| 13:45 | Crear | Villager (Male) |
| 13:50 | Construir | Farm |
| 14:03 | Crear | Villager (Male) |
| 14:53 | Construir | Farm |
| 14:54 | Construir | Farm |
| 14:55 | Crear | Villager (Male) |
| 14:56 | Construir | Farm |
| 15:11 | Crear | Villager (Male) |
| 15:36 | Construir | Mining Camp |
| 15:43 | Crear | Villager (Male) |
| 16:14 | Crear | Villager (Male) |
| 16:20 | Crear | Spearman |
| 16:27 | Construir | Farm |
| 16:59 | Crear | Villager (Male) |
| 17:00 | Crear | Villager (Male) |
| 17:34 | Crear | Villager (Male) |
| 17:55 | Crear | Villager (Male) |
| 18:18 | Crear | Villager (Male) |
| 18:27 | Construir | Palisade Gate |
| 19:01 | Construir | Market |
| 19:05 | Construir | House |
| 19:07 | Construir | House |
| 19:08 | Crear | Villager (Male) |
| 19:29 | Construir | Blacksmith |
| 19:38 | Construir | Farm |
| 20:06 | Construir | Farm |
| 20:12 | Investigar | Castle Age |
| 20:28 | Construir | Farm |
| 20:45 | Construir | Farm |
| 20:50 | Investigar | Bloodlines |
| 20:52 | Investigar | Scale Barding Armor |
| 21:03 | Construir | Farm |
| 21:25 | Construir | Watch Tower |
| 21:42 | Construir | House |
| 21:49 | Construir | House |
| 22:52 | Edad | Edad de los Castillos |
| 22:55 | Crear | Knight ×2 |
| 23:05 | Construir | Farm |
| 23:19 | Construir | Farm |
| 23:22 | Crear | Villager (Male) |
| 23:23 | Crear | Villager (Male) |
| 23:31 | Construir | House |
| 23:34 | Construir | Palisade Wall |
| 23:37 | Construir | House |
| 23:41 | Crear | Knight |
| 24:12 | Crear | Knight |
| 24:30 | Crear | Knight ×2 |
| 24:35 | Crear | Villager (Male) |
| 24:36 | Crear | Villager (Male) |
| 25:16 | Construir | Farm |
| 25:27 | Construir | Lumber Camp |
| 25:38 | Investigar | Husbandry |
| 27:47 | Crear | Villager (Male) |
| 27:48 | Crear | Villager (Male) |
| 29:22 | Crear | Villager (Male) |
| 29:23 | Crear | Villager (Male) |
| 29:23 | Crear | Villager (Male) |
| 29:26 | Construir | Farm |
| 30:07 | Construir | Farm |
| 30:21 | Crear | Knight ×2 |
| 30:26 | Construir | Farm |
| 30:53 | Construir | Farm |
| 31:17 | Construir | Farm |
| 31:33 | Crear | Knight |
| 32:39 | Crear | Villager (Male) |
| 32:39 | Crear | Villager (Male) |
| 34:17 | Crear | Knight ×2 |
| 34:56 | Crear | Villager (Male) |
| 34:56 | Crear | Villager (Male) |
| 35:38 | Crear | Villager (Male) |
| 35:38 | Crear | Villager (Male) |
Build order — MXTS | Prra
Primeras 150 de 284 acciones detectadas
| 0:02 | Crear | Villager (Male) |
| 0:02 | Crear | Villager (Male) |
| 0:02 | Crear | Villager (Male) |
| 0:02 | Crear | Villager (Male) |
| 0:02 | Crear | Villager (Male) |
| 0:06 | Construir | House |
| 0:08 | Construir | House |
| 1:39 | Crear | Villager (Male) |
| 1:40 | Crear | Villager (Male) |
| 2:00 | Construir | Lumber Camp |
| 2:15 | Crear | Villager (Male) |
| 2:15 | Crear | Villager (Male) |
| 2:15 | Crear | Villager (Male) |
| 2:41 | Crear | Villager (Male) |
| 2:41 | Crear | Villager (Male) |
| 3:20 | Crear | Villager (Male) |
| 3:21 | Crear | Villager (Male) |
| 3:21 | Crear | Villager (Male) |
| 3:30 | Crear | Villager (Male) |
| 3:30 | Crear | Villager (Male) |
| 3:30 | Crear | Villager (Male) |
| 4:02 | Construir | House |
| 4:08 | Crear | Villager (Male) |
| 4:08 | Crear | Villager (Male) |
| 4:34 | Crear | Villager (Male) |
| 4:34 | Crear | Villager (Male) |
| 4:34 | Crear | Villager (Male) |
| 5:01 | Crear | Villager (Male) |
| 5:01 | Crear | Villager (Male) |
| 5:02 | Crear | Villager (Male) |
| 5:50 | Construir | Mill |
| 5:57 | Crear | Villager (Male) |
| 5:57 | Crear | Villager (Male) |
| 6:18 | Crear | Villager (Male) |
| 6:37 | Investigar | Loom |
| 7:29 | Investigar | Feudal Age |
| 7:29 | Investigar | Feudal Age |
| 8:05 | Construir | Barracks |
| 8:19 | Construir | House |
| 9:11 | Crear | Villager (Male) |
| 9:39 | Edad | Edad Feudal |
| 9:47 | Construir | Stable |
| 9:48 | Crear | Spearman |
| 10:00 | Crear | Villager (Male) |
| 10:04 | Investigar | Double-Bit Axe |
| 10:16 | Crear | Spearman |
| 10:23 | Construir | Palisade Wall |
| 10:28 | Construir | Palisade Wall |
| 10:33 | Crear | Spearman |
| 10:33 | Crear | Spearman |
| 10:43 | Construir | Palisade Gate |
| 10:45 | Construir | Palisade Wall |
| 10:48 | Crear | Spearman |
| 11:04 | Construir | Farm |
| 11:07 | Construir | Farm |
| 11:26 | Construir | House |
| 11:59 | Crear | Villager (Male) |
| 11:59 | Crear | Villager (Male) |
| 11:59 | Crear | Villager (Male) |
| 12:00 | Crear | Villager (Male) |
| 12:07 | Construir | Farm |
| 12:07 | Construir | Farm |
| 12:07 | Construir | Farm |
| 12:08 | Construir | Farm |
| 12:08 | Construir | Farm |
| 12:17 | Construir | House |
| 12:20 | Construir | Palisade Wall |
| 12:36 | Crear | Villager (Male) |
| 12:36 | Crear | Villager (Male) |
| 12:39 | Construir | Farm |
| 13:02 | Construir | Palisade Wall |
| 13:14 | Crear | Villager (Male) |
| 13:14 | Crear | Villager (Male) |
| 13:18 | Construir | Farm |
| 13:28 | Crear | Villager (Male) |
| 13:28 | Crear | Villager (Male) |
| 13:28 | Crear | Villager (Male) |
| 13:31 | Construir | Farm |
| 13:36 | Construir | House |
| 13:41 | Construir | Palisade Wall |
| 14:01 | Construir | Palisade Gate |
| 14:03 | Crear | Spearman |
| 14:03 | Crear | Spearman |
| 14:13 | Crear | Villager (Male) |
| 14:13 | Crear | Villager (Male) |
| 14:31 | Crear | Villager (Male) |
| 14:31 | Crear | Villager (Male) |
| 14:31 | Crear | Villager (Male) |
| 14:49 | Construir | Farm |
| 14:50 | Construir | Farm |
| 14:51 | Construir | Farm |
| 15:12 | Crear | Villager (Male) |
| 15:13 | Crear | Villager (Male) |
| 15:13 | Crear | Villager (Male) |
| 15:18 | Construir | Mining Camp |
| 15:38 | Crear | Villager (Male) |
| 15:38 | Crear | Villager (Male) |
| 15:48 | Construir | Farm |
| 16:09 | Construir | Market |
| 16:18 | Crear | Villager (Male) |
| 16:18 | Crear | Villager (Male) |
| 16:20 | Crear | Scout Cavalry |
| 16:20 | Crear | Scout Cavalry |
| 16:49 | Crear | Scout Cavalry |
| 17:14 | Crear | Scout Cavalry |
| 17:34 | Construir | House |
| 17:34 | Construir | House |
| 18:15 | Construir | Lumber Camp |
| 18:32 | Crear | Villager (Male) |
| 18:33 | Crear | Villager (Male) |
| 18:33 | Crear | Villager (Male) |
| 18:57 | Construir | Farm |
| 19:06 | Construir | Farm |
| 19:30 | Construir | Blacksmith |
| 19:31 | Crear | Villager (Male) |
| 19:32 | Crear | Villager (Male) |
| 19:32 | Crear | Villager (Male) |
| 19:46 | Construir | Palisade Wall |
| 19:55 | Construir | Palisade Wall |
| 20:07 | Construir | Watch Tower |
| 20:15 | Construir | Farm |
| 20:16 | Construir | Farm |
| 20:17 | Construir | Farm |
| 20:17 | Construir | Farm |
| 20:28 | Construir | Farm |
| 20:29 | Construir | Farm |
| 20:34 | Crear | Villager (Male) |
| 20:34 | Crear | Villager (Male) |
| 20:34 | Crear | Villager (Male) |
| 21:07 | Construir | Farm |
| 21:07 | Construir | Farm |
| 21:18 | Investigar | Castle Age |
| 21:38 | Construir | Farm |
| 21:38 | Construir | Farm |
| 21:44 | Construir | Stable |
| 22:00 | Investigar | Gold Mining |
| 22:18 | Crear | Villager (Male) |
| 22:22 | Investigar | Bloodlines |
| 22:27 | Construir | Stable |
| 23:09 | Investigar | Scale Barding Armor |
| 23:17 | Construir | Farm |
| 23:17 | Construir | Farm |
| 23:23 | Investigar | Horse Collar |
| 23:34 | Construir | Palisade Wall |
| 23:36 | Construir | Palisade Wall |
| 24:07 | Edad | Edad de los Castillos |
| 24:15 | Crear | Knight |
| 24:15 | Crear | Knight |
| 24:17 | Crear | Knight |
| 24:17 | Crear | Knight |
Build order — Yanksan
Primeras 150 de 294 acciones detectadas
| 0:01 | Crear | Villager (Male) |
| 0:01 | Crear | Villager (Male) |
| 0:04 | Crear | Villager (Male) |
| 0:04 | Crear | Villager (Male) |
| 0:04 | Crear | Villager (Male) |
| 1:25 | Crear | Villager (Male) |
| 1:26 | Crear | Villager (Male) |
| 1:53 | Crear | Villager (Male) |
| 1:53 | Crear | Villager (Male) |
| 1:56 | Construir | Lumber Camp |
| 2:13 | Crear | Villager (Male) |
| 2:45 | Crear | Villager (Male) |
| 2:45 | Crear | Villager (Male) |
| 3:12 | Crear | Villager (Male) |
| 3:12 | Crear | Villager (Male) |
| 3:49 | Crear | Villager (Male) |
| 3:49 | Crear | Villager (Male) |
| 3:59 | Crear | Villager (Male) |
| 3:59 | Crear | Villager (Male) |
| 4:33 | Crear | Villager (Male) |
| 4:33 | Crear | Villager (Male) |
| 5:20 | Crear | Villager (Male) |
| 5:39 | Construir | Mining Camp |
| 5:46 | Construir | Mining Camp |
| 5:47 | Crear | Villager (Male) |
| 6:16 | Investigar | Loom |
| 6:57 | Investigar | Feudal Age |
| 6:57 | Investigar | Feudal Age |
| 7:35 | Construir | Lumber Camp |
| 7:40 | Construir | Lumber Camp |
| 8:26 | Construir | Barracks |
| 8:40 | Crear | Villager (Male) |
| 9:07 | Edad | Edad Feudal |
| 9:10 | Construir | Archery Range |
| 9:18 | Crear | Villager (Male) |
| 9:28 | Investigar | Double-Bit Axe |
| 10:02 | Construir | Palisade Wall |
| 10:06 | Crear | Archer |
| 10:25 | Crear | Archer |
| 10:32 | Construir | Mill |
| 10:40 | Crear | Archer |
| 10:47 | Crear | Villager (Male) |
| 10:55 | Crear | Villager (Male) |
| 11:05 | Crear | Archer |
| 11:24 | Construir | Archery Range |
| 11:27 | Crear | Villager (Male) |
| 11:44 | Construir | Palisade Wall |
| 11:46 | Construir | Palisade Wall |
| 11:54 | Crear | Archer |
| 11:58 | Crear | Villager (Male) |
| 12:03 | Construir | Farm |
| 12:09 | Construir | Farm |
| 12:15 | Crear | Villager (Male) |
| 12:21 | Construir | Palisade Wall |
| 12:25 | Construir | Palisade Wall |
| 12:38 | Construir | Palisade Gate |
| 12:46 | Crear | Archer |
| 12:46 | Crear | Archer |
| 12:51 | Construir | Farm |
| 12:54 | Construir | Farm |
| 13:00 | Crear | Villager (Male) |
| 13:11 | Crear | Archer |
| 13:12 | Crear | Archer |
| 13:17 | Crear | Villager (Male) |
| 13:41 | Construir | Farm |
| 13:43 | Construir | Farm |
| 13:52 | Crear | Archer |
| 13:52 | Crear | Archer |
| 13:55 | Crear | Villager (Male) |
| 14:01 | Crear | Villager (Male) |
| 14:39 | Crear | Archer |
| 14:40 | Crear | Archer |
| 14:40 | Crear | Villager (Male) |
| 15:01 | Crear | Villager (Male) |
| 15:05 | Construir | Blacksmith |
| 15:15 | Crear | Archer |
| 15:15 | Crear | Archer |
| 15:28 | Crear | Villager (Male) |
| 15:31 | Crear | Villager (Male) |
| 15:33 | Construir | Farm |
| 15:34 | Construir | Farm |
| 15:35 | Construir | Farm |
| 15:38 | Construir | Farm |
| 15:41 | Construir | Farm |
| 15:45 | Crear | Archer |
| 15:45 | Crear | Archer |
| 16:04 | Crear | Archer |
| 16:04 | Crear | Archer |
| 16:13 | Investigar | Fletching |
| 16:13 | Investigar | Fletching |
| 16:16 | Construir | Farm |
| 16:29 | Crear | Villager (Male) |
| 16:48 | Construir | Farm |
| 16:49 | Construir | Farm |
| 16:53 | Crear | Archer |
| 16:53 | Crear | Archer |
| 17:03 | Crear | Villager (Male) |
| 17:05 | Crear | Skirmisher |
| 17:05 | Crear | Skirmisher |
| 17:13 | Construir | Watch Tower |
| 17:26 | Crear | Villager (Male) |
| 17:27 | Crear | Archer |
| 17:27 | Crear | Archer |
| 17:38 | Crear | Skirmisher |
| 17:38 | Crear | Skirmisher |
| 17:45 | Crear | Villager (Male) |
| 17:48 | Construir | Farm |
| 17:48 | Construir | Farm |
| 17:49 | Construir | Farm |
| 18:27 | Crear | Skirmisher |
| 18:27 | Crear | Skirmisher |
| 18:35 | Crear | Villager (Male) |
| 18:38 | Investigar | Wheelbarrow |
| 19:00 | Crear | Skirmisher |
| 19:00 | Crear | Skirmisher |
| 19:14 | Crear | Skirmisher |
| 19:15 | Crear | Skirmisher |
| 19:16 | Crear | Skirmisher |
| 19:17 | Crear | Skirmisher |
| 19:25 | Crear | Archer |
| 19:26 | Crear | Archer |
| 19:36 | Crear | Skirmisher |
| 19:36 | Crear | Skirmisher |
| 19:38 | Crear | Villager (Male) |
| 19:39 | Crear | Villager (Male) |
| 19:43 | Construir | Palisade Gate |
| 20:05 | Crear | Villager (Male) |
| 20:21 | Crear | Skirmisher |
| 20:21 | Crear | Skirmisher |
| 20:23 | Crear | Archer |
| 20:23 | Crear | Archer |
| 20:38 | Investigar | Padded Archer Armor |
| 20:40 | Crear | Villager (Male) |
| 20:47 | Construir | Farm |
| 20:48 | Construir | Farm |
| 21:11 | Crear | Archer |
| 21:11 | Crear | Archer |
| 21:15 | Crear | Villager (Male) |
| 21:18 | Crear | Villager (Male) |
| 21:58 | Construir | Market |
| 22:00 | Construir | Farm |
| 22:01 | Crear | Villager (Male) |
| 22:31 | Crear | Villager (Male) |
| 22:32 | Construir | Farm |
| 22:33 | Crear | Archer |
| 22:34 | Crear | Archer |
| 23:24 | Investigar | Castle Age |
| 23:25 | Investigar | Castle Age |
| 23:30 | Crear | Archer |
| 23:30 | Crear | Archer |
Build order — MXTS | FiredLand
Primeras 150 de 295 acciones detectadas
| 0:01 | Crear | Villager (Male) |
| 0:02 | Crear | Villager (Male) |
| 0:02 | Crear | Villager (Male) |
| 0:02 | Crear | Villager (Male) |
| 0:03 | Construir | House |
| 0:05 | Construir | House |
| 1:27 | Crear | Villager (Male) |
| 1:27 | Crear | Villager (Male) |
| 1:55 | Crear | Villager (Male) |
| 1:55 | Crear | Villager (Male) |
| 2:18 | Construir | Lumber Camp |
| 2:21 | Crear | Villager (Male) |
| 2:22 | Crear | Villager (Male) |
| 2:43 | Crear | Villager (Male) |
| 2:50 | Crear | Villager (Male) |
| 2:50 | Crear | Villager (Male) |
| 3:10 | Crear | Villager (Male) |
| 3:10 | Crear | Villager (Male) |
| 3:46 | Crear | Villager (Male) |
| 3:55 | Construir | House |
| 4:05 | Crear | Villager (Male) |
| 4:40 | Construir | Barracks |
| 4:50 | Crear | Villager (Male) |
| 5:10 | Crear | Villager (Male) |
| 5:24 | Crear | Villager (Male) |
| 5:25 | Crear | Villager (Male) |
| 6:06 | Crear | Villager (Male) |
| 6:27 | Investigar | Loom |
| 6:56 | Construir | Mining Camp |
| 7:07 | Investigar | Feudal Age |
| 7:37 | Construir | Lumber Camp |
| 8:24 | Construir | House |
| 8:38 | Crear | Villager (Male) |
| 8:39 | Crear | Villager (Male) |
| 9:17 | Edad | Edad Feudal |
| 9:24 | Investigar | Double-Bit Axe |
| 9:31 | Construir | Archery Range |
| 9:32 | Construir | Archery Range |
| 9:56 | Crear | Villager (Male) |
| 10:07 | Construir | House |
| 10:28 | Crear | Archer |
| 10:29 | Crear | Archer |
| 10:29 | Crear | Villager (Male) |
| 10:34 | Construir | Blacksmith |
| 10:35 | Crear | Villager (Male) |
| 10:52 | Crear | Archer |
| 10:52 | Crear | Archer |
| 10:52 | Crear | Archer |
| 10:59 | Construir | House |
| 11:13 | Construir | Palisade Wall |
| 11:20 | Crear | Archer |
| 11:21 | Crear | Archer |
| 11:21 | Crear | Villager (Male) |
| 11:28 | Construir | House |
| 11:37 | Construir | Palisade Wall |
| 11:49 | Construir | House |
| 11:53 | Construir | Palisade Wall |
| 11:54 | Crear | Villager (Male) |
| 11:55 | Crear | Archer |
| 12:00 | Construir | Mill |
| 12:17 | Crear | Villager (Male) |
| 12:23 | Crear | Archer |
| 12:23 | Crear | Archer |
| 12:36 | Crear | Archer |
| 12:36 | Crear | Archer |
| 13:00 | Construir | House |
| 13:00 | Crear | Archer |
| 13:01 | Crear | Archer |
| 13:04 | Investigar | Fletching |
| 13:09 | Construir | Palisade Gate |
| 13:11 | Construir | House |
| 13:12 | Construir | Palisade Wall |
| 13:28 | Crear | Archer |
| 13:28 | Crear | Archer |
| 13:40 | Construir | Farm |
| 13:41 | Construir | Farm |
| 13:46 | Construir | Farm |
| 13:48 | Construir | House |
| 13:53 | Crear | Archer |
| 13:53 | Crear | Archer |
| 13:57 | Crear | Villager (Male) |
| 14:00 | Construir | Farm |
| 14:09 | Crear | Archer |
| 14:09 | Crear | Archer |
| 14:19 | Construir | House |
| 14:43 | Crear | Archer |
| 14:43 | Crear | Archer |
| 15:02 | Crear | Villager (Male) |
| 15:04 | Construir | House |
| 15:04 | Crear | Villager (Male) |
| 15:09 | Crear | Villager (Male) |
| 15:14 | Crear | Archer |
| 15:14 | Crear | Archer |
| 15:25 | Construir | Farm |
| 15:26 | Construir | Farm |
| 15:27 | Crear | Villager (Male) |
| 15:32 | Construir | Farm |
| 15:33 | Construir | Farm |
| 15:34 | Crear | Archer |
| 15:44 | Construir | House |
| 15:46 | Crear | Villager (Male) |
| 15:53 | Investigar | Padded Archer Armor |
| 15:55 | Crear | Archer |
| 15:56 | Crear | Archer |
| 16:05 | Construir | Farm |
| 16:07 | Crear | Villager (Male) |
| 16:09 | Construir | Farm |
| 16:15 | Crear | Archer |
| 16:15 | Crear | Archer |
| 16:31 | Crear | Villager (Male) |
| 16:34 | Crear | Archer |
| 16:34 | Crear | Archer |
| 16:54 | Investigar | Town Watch |
| 17:01 | Construir | Farm |
| 17:14 | Investigar | Horse Collar |
| 17:14 | Investigar | Horse Collar |
| 17:37 | Crear | Villager (Male) |
| 17:38 | Crear | Archer |
| 17:38 | Crear | Archer |
| 17:39 | Crear | Archer |
| 17:39 | Crear | Archer |
| 17:57 | Crear | Villager (Male) |
| 18:00 | Construir | Farm |
| 18:03 | Construir | Farm |
| 18:12 | Construir | Market |
| 18:26 | Crear | Villager (Male) |
| 18:33 | Investigar | Wheelbarrow |
| 20:18 | Investigar | Castle Age |
| 20:34 | Construir | Stable |
| 20:49 | Investigar | Gold Mining |
| 21:48 | Construir | House |
| 22:04 | Construir | Archery Range |
| 22:10 | Construir | House |
| 22:12 | Construir | House |
| 22:31 | Investigar | Bloodlines |
| 22:52 | Construir | Lumber Camp |
| 22:53 | Construir | Lumber Camp |
| 22:58 | Edad | Edad de los Castillos |
| 23:01 | Investigar | Bodkin Arrow |
| 23:02 | Investigar | Crossbowman (upgrade) |
| 23:03 | Crear | Villager (Male) |
| 23:09 | Crear | Knight |
| 23:09 | Crear | Knight |
| 23:09 | Crear | Knight |
| 23:09 | Crear | Knight |
| 23:25 | Construir | Lumber Camp |
| 23:55 | Crear | Villager (Male) |
| 23:57 | Crear | Cavalry Archer ×5 |
| 23:57 | Crear | Cavalry Archer ×5 |
| 23:58 | Crear | Cavalry Archer ×5 |
Cronología de la partida
| 4:40 | MXTS | FiredLand · first_building Barracks |
| 7:37 | Garibas · first_building Barracks |
| 8:05 | MXTS | Prra · first_building Barracks |
| 8:26 | Yanksan · first_building Barracks |
| 8:28 | Garibas · wall_segment Palisade Wall x3 |
| 9:07 | Yanksan · age_up feudal |
| 9:10 | Yanksan · first_building Archery Range |
| 9:17 | MXTS | FiredLand · age_up feudal |
| 9:28 | Garibas · age_up feudal |
| 9:31 | MXTS | FiredLand · first_building Archery Range |
| 9:33 | Garibas · first_building Stable |
| 9:39 | MXTS | Prra · age_up feudal |
| 9:47 | MXTS | Prra · first_building Stable |
| 10:02 | Yanksan · wall_segment Palisade Wall x19 |
| 10:23 | MXTS | Prra · wall_segment Palisade Wall x5 |
| 10:28 | MXTS | Prra · wall_segment Palisade Wall x6 |
| 10:32 | Garibas · wall_segment Palisade Wall x7 |
| 10:45 | MXTS | Prra · wall_segment Palisade Wall x5 |
| 11:13 | MXTS | FiredLand · wall_segment Palisade Wall x8 |
| 11:31 | Garibas · wall_segment Palisade Wall x15 |
| 11:37 | MXTS | FiredLand · wall_segment Palisade Wall x5 |
| 11:44 | Yanksan · wall_segment Palisade Wall x7 |
| 11:46 | Yanksan · wall_segment Palisade Wall x11 |
| 11:53 | MXTS | FiredLand · wall_segment Palisade Wall x9 |
| 12:01 | Garibas · wall_segment Palisade Wall x10 |
| 12:20 | MXTS | Prra · wall_segment Palisade Wall x6 |
| 12:21 | Yanksan · wall_segment Palisade Wall x13 |
| 12:23 | Garibas · wall_segment Palisade Wall x6 |
| 12:25 | Yanksan · wall_segment Palisade Wall x1 |
| 13:02 | MXTS | Prra · wall_segment Palisade Wall x9 |
| 13:12 | MXTS | FiredLand · wall_segment Palisade Wall x1 |
| 13:24 | Garibas · wall_segment Palisade Wall x9 |
| 13:41 | MXTS | Prra · wall_segment Palisade Wall x24 |
| 19:46 | MXTS | Prra · wall_segment Palisade Wall x1 |
| 19:55 | MXTS | Prra · wall_segment Palisade Wall x1 |
| 20:02 | MXTS | FiredLand · first_market_sell 500 wood |
| 20:04 | MXTS | FiredLand · first_market_buy 100 food |
| 20:34 | MXTS | FiredLand · first_building Stable |
| 22:52 | Garibas · age_up castle |
| 22:58 | MXTS | FiredLand · age_up castle |
| 23:34 | MXTS | Prra · wall_segment Palisade Wall x1 |
| 23:34 | Garibas · wall_segment Palisade Wall x3 |
| 23:36 | MXTS | Prra · wall_segment Palisade Wall x4 |
| 23:51 | Yanksan · first_market_buy 100 food |
| 24:07 | MXTS | Prra · age_up castle |
| 24:28 | Garibas · first_market_sell 100 food |
| 26:04 | MXTS | Prra · first_building Monastery |
| 26:04 | Yanksan · age_up castle |
| 26:53 | MXTS | Prra · first_building Siege Workshop |
| 29:43 | Yanksan · first_market_sell 100 wood |
| 32:09 | Yanksan · first_building Stable |
| 32:10 | MXTS | FiredLand · first_building Siege Workshop |
| 33:13 | MXTS | Prra · first_market_sell 100 food |
| 33:14 | MXTS | Prra · first_market_buy 100 stone |
| 33:34 | MXTS | Prra · wall_segment Palisade Wall x7 |
| 37:04 | Yanksan · resign |
[ ANÁLISIS IA · 1 CRÉDITO ]
¿Qué pasó realmente en esta partida?
Wolo.gg analiza cada decisión: build order, eco, micro, errores típicos por bracket. Análisis personalizado por WhatsApp o Discord en 30 segundos.
Guía civ
Magiares
Perfil
Jugador #2802528